AoeStats
← jose.ediaz1993

Arena

507765192Analyzed
1v1 RM · 14d ago on Sep 19, 2026· 44m 45s· 2 players
Game mode
Random Map
Map size
Tiny (2 player)
Population
200
Speed
Normal
Resources
Standard
Victory
Conquest
Starting age
Dark Age
Ending age
Imperial Age
RankedLock teamsTeams togetherTeam positionsShared explorationLock speedFull tech treeHidden civsTurbo modeCheats
Victory
Defeat
🇨🇴 Goths · Colombia
227
+12
🇧🇷 Vikings · Brazil
147
-12
Miau Gato
1:51 Loom
15:12 Feudal Age
15:49 Town Watch
15:53 Horse Collar
16:03 Double-Bit Axe
23:58 Castle Age
22:08 Stone Mining
22:09 Gold Mining
23:19 Arson
24:56 Heavy Plow
25:23 Bow Saw
27:14 Gold Shaft Mining
28:06 Squires
33:41 Imperial Age
31:46 Treadmill Crane
32:49 Ballistics
32:40 Scale Barding Armor
32:46 Forging
32:26 Fletching
32:37 Padded Archer Armor
32:38 Scale Mail Armor
38:12 Hoardings
38:24 Conscription
39:03 Town Patrol
39:41 Crop Rotation
41:43 Chemistry
jose.ediaz1993
13:56 Feudal Age
15:18 Gold Mining
15:15 Double-Bit Axe
15:14 Horse Collar
15:42 Stone Mining
24:23 Castle Age
26:08 Scale Mail Armor
26:19 Forging
26:34 Bow Saw
27:04 Stone Shaft Mining
26:50 Pikeman
27:32 Squires
31:02 Heavy Plow
31:55 Man-at-Arms
39:52 Imperial Age
37:53 Murder Holes
38:48 Long Swordsman
39:39 Husbandry
41:24 Conscription
42:02 Heated Shot
Connection lost

Rejoining the realm…

Still unreachable

The connection could not be restored.

Session expired

The server has moved on; the page needs a fresh start.